 Dungeon Crawl Stone Soup version 0.26-b1-32-g5d43845318 (webtiles) character file.

Game seed: 5022667128102249197

832 dohliylev the Magician (level 7, -4/36 HPs)
             Began as a Gargoyle Venom Mage on Jan 12, 2021.
             Was an Initiate of Sif Muna.
             Slain by an orc
             ... wielding a +0 trident
              (5 damage)
             ... on level 5 of the Dungeon.
             The game lasted 00:19:38 (5674 turns).

dohliylev the Magician (Gargoyle Venom Mage)        Turns: 5674, Time: 00:19:38

Health: -4/36      AC:  7    Str: 12    XL:     7   Next: 98%
Magic:  1/17       EV: 12    Int: 17    God:    Sif Muna [......]
Gold:   258        SH:  0    Dex: 10    Spells: 14/20 levels left

rFire    . . .     SeeInvis .   (no weapon)
rCold    . . .     Faith    .   (no shield)
rNeg     + . .     Spirit   .   a - +0 robe
rPois    ∞         Reflect  .   (no helmet)
rElec    +         Harm     .   (no cloak)
rCorr    .         Rampage  .   j - +0 pair of gloves
Will     .....     Rnd*Tele +   (no boots)
Stlth    ++........             (no amulet)
HPRegen  0.12/turn              e - ring of teleportation (curse)
MPRegen  0.15/turn              (no ring)

@: no status effects
A: negative energy resistance 1, electricity resistance, unbreathing,
petrification resistance, miasma immunity, AC +4
a: Renounce Religion


You were on level 5 of the Dungeon.
You worshipped Sif Muna.
Sif Muna was noncommittal.
You visited 2 branches of the dungeon, and saw 6 of its levels.

You collected 258 gold pieces.

Inventory:

Armour
 a - a +0 robe (worn)
 j - a +0 pair of gloves (worn)
Jewellery
 e - a cursed ring of teleportation (left hand)
 s - an uncursed ring of magical power {unknown}
Wands
 n - a wand of iceblast (9)
 r - a wand of flame (11)
Scrolls
 b - 2 scrolls of identify
 c - a scroll of enchant weapon
 g - 2 scrolls of blinking
 h - 2 scrolls of fear
 m - a scroll of fog
 o - 3 scrolls of amnesia
 t - a scroll of magic mapping {unknown}
Potions
 d - a potion of mutation {unknown}
 f - a potion of might
 i - 3 potions of curing
 k - a potion of flight
 l - a potion of brilliance
 p - a potion of heal wounds
 q - 2 potions of haste {unknown}


   Skills:
 - Level 2.0 Dodging
 - Level 2.1 Stealth
 + Level 7.1 Spellcasting
 - Level 0.7 Transmutations
 - Level 5.0 Poison Magic


You had 14 spell levels left.
You knew the following spells:

 Your Spells              Type           Power        Failure   Level
a - Sting                 Tmut/Pois      60%          3%          1
b - Poisonous Vapours     Pois/Air       28%          6%          2
c - Mephitic Cloud        Conj/Pois/Air  11%          17%         3

Your spell library contained the following spells:

 Spells                   Type           Power        Failure   Level
 Olgreb's Toxic Radiance  Pois           23%          14%         4
 Ignite Poison            Fire/Tmut/Pois 12%          16%         3


Dungeon Overview and Level Annotations

Branches:
Dungeon (5/15)             Temple (1/1) D:5

Altars:
Ashenzari
Cheibriados
Dithmenos
Elyvilon
Fedhas
Gozag
Hepliaklqana
Kikubaaqudgha
Makhleb
Nemelex Xobeh
Okawaru
Qazlal
Ru
Sif Muna
Trog
Uskayaw
Vehumet
Wu Jian
Xom
Zin
The Shining One


Innate Abilities, Weirdness & Mutations

You are resistant to torment.
Your stone body is resilient. (AC +4)
You are immune to poison.
You resist negative energy. (rN+)
You are resistant to electric shocks. (rElec)
You can survive without breathing.
You are immune to petrification.
You are immune to miasma.


Message History

The howler monkey appears confused.
The centaur shoots an arrow.
The arrow barely misses you.
You see here an arrow.
An orc comes into view. It is wielding a +0 trident.
You kill the ogre!
Sif Muna accepts your kill.
Your Spellcasting skill increases to level 7!
The orc shouts!
The centaur shoots an arrow.
The arrow hits you!
You see here an arrow.
The centaur shoots an arrow.
The arrow hits you!
* * * LOW HITPOINT WARNING * * *
The centaur shoots an arrow.
The arrow misses you.
You see here an arrow.
The orc barely misses you.
The centaur shoots an arrow.
The arrow barely misses you.
The centaur shoots an arrow.
The arrow hits you.
* * * LOW HITPOINT WARNING * * *
The orc hits you from afar with a +0 trident.
You die...

#.#..<# ...... ..# #.....#
...... ...####...(o#
...#.. .........)...#
#.....####....#####c..)#
#............#####.##(#
#.......#........o.<#{#
#..c.........[[........
####.....@..............).
#............#.#########)#
?.......(.o.(#.#########.#
........(....#.##......)..
........######.##.....#...
.......(# #.....#.......##
........# #......{....#...
........# #.....#.......##
...####.# #....##........#


You could see a centaur and an orc.

Vanquished Creatures
  An ogre (D:5)
  7 scorpions (D:4)
  An orc priest (D:5)
  A hound (D:4)
  An iguana (D:4)
  Ijyb (D:4)
  Terence (D:2)
  Natasha (twice) (D:2)
  2 orc wizards
  7 adders
  3 oozes
  4 worms
  A dart slug (D:2)
  4 leopard geckos
  8 orcs
  3 giant cockroaches
  8 goblins
  5 hobgoblins
  5 jackals
  4 ball pythons
  12 bats
  A frilled lizard (D:4)
  7 kobolds
  9 rats
98 creatures vanquished.

Vanquished Creatures (others)
  3 fungi (D:4)
3 creatures vanquished.

Grand Total: 101 creatures vanquished

Notes
Turn   | Place    | Note
-------+----------+-------------------------------------------
     0 | D:1      | dohliylev the Gargoyle Venom Mage began the quest for the
                  | Orb.
     0 | D:1      | Reached XP level 1. HP: 10/10 MP: 3/3
   315 | D:1      | Reached XP level 2. HP: 15/15 MP: 0/5
   318 | D:1      | Learned a level 2 spell: Poisonous Vapours
  1042 | D:2      | Noticed Natasha
  1048 | D:2      | Killed Natasha
  1049 | D:2      | Reached XP level 3. HP: 19/19 MP: 0/6
  1053 | D:2      | Learned a level 3 spell: Mephitic Cloud
  1143 | D:2      | Noticed Terence
  1155 | D:2      | Killed Terence
  1156 | D:2      | Reached XP level 4. HP: 12/24 MP: 0/8
  1586 | D:2      | Reached skill level 3 in Spellcasting
  2169 | D:2      | Reached XP level 5. HP: 28/28 MP: 4/9
  2791 | D:2      | Noticed Natasha
  2796 | D:2      | Killed Natasha
  3070 | D:3      | Reached skill level 5 in Poison Magic
  3811 | D:4      | Reached skill level 4 in Spellcasting
  3811 | D:4      | Reached XP level 6. HP: 32/32 MP: 1/12
  3958 | D:4      | Noticed Ijyb
  4242 | D:4      | Reached skill level 5 in Spellcasting
  4471 | D:4      | Killed Ijyb
  4645 | D:4      | Reached XP level 7. HP: 36/36 MP: 10/15
  4655 | D:4      | Reached skill level 6 in Spellcasting
  5044 | D:5      | Entered Level 5 of the Dungeon
  5336 | D:5      | Found a staircase to the Ecumenical Temple.
  5345 | Temple   | Entered the Ecumenical Temple
  5411 | Temple   | Became a worshipper of Sif Muna the Loreminder
  5671 | D:5      | Reached skill level 7 in Spellcasting
  5674 | D:5      | HP: 1/36 [centaur/arrow (2)]
  5674 | D:5      | Slain by an orc

Illustrated notes

Levels and vault maps discovered:
D:1:      lemuel_arrival_muddy, layout_loops_corners
D:2:      layout_basic, uniq_natasha, uniq_terence
D:3:      layout_rooms
D:4:      old_forge, layout_rooms, uniq_ijyb
D:5:      layout_basic, minmay_temple_entry_slanted
Temple:   roderic_octagonal_lattice_temple

Skill      XL: |  1  2  3  4  5  6  7 |
---------------+----------------------+-----
Poison Magic   | 4 5 |  5.0
Spellcasting   | 3 4 5 7 |  7.1
Dodging        | 2 |  2.0
Stealth        | |  2.1
Transmutations | |  0.7

Action                   |  1- 3 |  4- 6 |  7- 9 || total
-------------------------+-------+-------+-------++-------
Melee: Unarmed           |     6 |    40 |     9 ||    55
 Cast: Sting             |    25 |    69 |    16 ||   110
       Poisonous Vapours |     4 |    57 |    28 ||    89
       Mephitic Cloud    |       |       |     1 ||     1
  Use: Scroll            |       |    11 |       ||    11
 Stab: Sleeping          |       |     1 |       ||     1
Armor: Robe              |     5 |    24 |    10 ||    39
Dodge: Dodged            |    11 |    43 |    20 ||    74
